 Dungeon Crawl Stone Soup version 0.29-a0-550-g81e455f4c2 (webtiles) character file.

Game seed: 14615370402192262627

11 Morbidden the Conjurer (level 2, -1/20 HPs)
             Began as a Demonspawn Conjurer on June 5, 2022.
             Slain by Jessica
             ... wielding a +1 dagger of holy wrath
              (5 damage)
             ... on level 1 of the Dungeon.
             The game lasted 00:00:54 (871 turns).

Morbidden the Conjurer (Demonspawn Conjurer)         Turns: 871, Time: 00:00:55

Health: -1/20      AC:  3    Str:  7    XL:     2   Next: 17%
Magic:  4/5        EV: 12    Int: 19    God:
Gold:   73         SH:  0    Dex: 11    Spells: 4/5 levels left

rFire   . . .      SeeInvis .   (no weapon)
rCold   . . .      Faith    .   (no shield)
rNeg    . . .      Spirit   .   a - +0 robe
rPois   .          Reflect  .   (no helmet)
rElec   .          Harm     .   (no cloak)
rCorr   .          Rampage  .   (no gloves)
Will    .....                   (no boots)
Stlth   ++........              (no amulet)
HPRegen 0.06/turn               (no ring)
MPRegen 0.09/turn               (no ring)

@: slowed, very slow
A: rugged brown scales 1
a: no special abilities


You were on level 1 of the Dungeon.
You visited 1 branch of the dungeon, and saw 2 of its levels.

You collected 73 gold pieces.

Inventory:

Armour
 a - a +0 robe (worn)
Jewellery
 e - a ring of flight
Scrolls
 d - a scroll of enchant armour {unknown}
Potions
 c - a potion of mutation {unknown}


   Skills:
 * Level 0.4 Fighting
 * Level 1.7 Dodging
 + Level 1.7 Stealth
 * Level 2.1 Spellcasting
 * Level 4.4 Conjurations


You had 4 spell levels left.
You knew the following spells:

 Your Spells              Type           Power      Damage    Failure   Level
a - Magic Dart            Conj           72%        1d6       2%          1

Your spell library contained the following spells:

 Spells                   Type           Power      Damage    Failure   Level
 Searing Ray              Conj           36%        2d5       4%          2
 Dazzling Flash           Conj/Hex       20%        N/A       21%         3
 Gell's Gravitas          Tloc           1%         N/A       45%         3
 Lesser Beckoning         Tloc           1%         N/A       45%         3
 Teleport Other           Tloc           1%         N/A       45%         3
 Fulminant Prism          Conj/Hex       5%         3d7       56%         4
 Iskenderun's Mystic Bla  Conj/Tloc      10%        2d4       56%         4


Dungeon Overview and Level Annotations

Branches:
Dungeon (2/15)

Altars:

Annotations:
D:1 Jessica


Innate Abilities, Weirdness & Mutations

You are partially covered in rugged brown scales. (AC +1, +3% HP)


Message History

Jessica hits you with a +1 dagger of holy wrath.
You convulse.
Unknown command.
Jessica casts a spell at you.
You feel yourself slow down.
Jessica gestures wildly.
Unknown command.
Jessica attacks as you move away!
Jessica hits you with a +1 dagger of holy wrath.
You convulse.
* * * LOW HITPOINT WARNING * * *
Really walk into that teleport trap? [Y]es or [N]o only, please.
Really walk into that teleport trap?
You enter a teleport trap!
The teleport trap disappears.
Your surroundings suddenly seem different.
Unknown command.
You start resting.
Jessica is nearby!
Magic courses through your body.
Jessica gestures wildly while chanting.
Jessica seems to speed up.
Unknown command.
Casting: Magic Dart (safe; 2% risk of failure)
Confirm with . or Enter, or press ? or * to list all spells.
Aiming: Magic Dart (safe; 2% risk of failure)
Press: ? - help, Shift-Dir - straight line, f/p - Jessica
Aim: Jessica, wielding a +1 dagger of holy wrath and wearing a +2 robe of the Archmagi (fast, 100% to hit)
The magic dart hits Jessica but does no damage.
Jessica points at you and mumbles some strange words.
You barely resist.
Casting: Magic Dart (safe; 2% risk of failure)
Confirm with . or Enter, or press ? or * to list all spells.
Aiming: Magic Dart (safe; 2% risk of failure)
Press: ? - help, Shift-Dir - straight line, f/p - Jessica
Aim: Jessica, wielding a +1 dagger of holy wrath and wearing a +2 robe of the Archmagi (fast, 100% to hit)
The magic dart hits Jessica but does no damage.
Jessica shouts, "You're disturbing me!
I'll have to kill you!"
Jessica hits you with a +1 dagger of holy wrath.
You die...

.######## #.# #.# ........#
#.## #.# #######.# #..# #.#
#.# ##># #.# #.# ##.## #.#
###
#.###...#########.#######..
#.#.....@.................#
#.#.#...####.##############
#.#.##....@@.#
#...########## #####


You could see Jessica (fast).

Vanquished Creatures
  A giant cockroach (D:1)
  A goblin (D:1)
  5 hobgoblins (D:1)
  A frilled lizard (D:1)
  2 rats (D:1)
10 creatures vanquished.

Notes
Turn   | Place    | Note
-------+----------+-------------------------------------------
     0 | D:1      | Morbidden the Demonspawn Conjurer began the quest for the
                  | Orb.
     0 | D:1      | Reached XP level 1. HP: 13/13 MP: 3/3
   521 | D:1      | Gained mutation: You are partially covered in rugged brown
                  | scales. (AC +1, +3% HP) [demonic ancestry]
   521 | D:1      | Reached XP level 2. HP: 14/20 MP: 1/5
   852 | D:2      | Noticed Jessica
   871 | D:1      | Slain by Jessica

Illustrated notes

Levels and vault maps discovered:
D:1:      grunt_arrival_lava_bath, layout_loops_ring
D:2:      layout_loops_ring, basic_altar,
          hellmonk_ecumenical_altar_leap_of_faith, st_stairs_7, uniq_jessica

Action                   || total
-------------------------++-------
Melee: Unarmed           ||     2
 Cast: Magic Dart        ||    27
  Use: Potion            ||     1
Armor: Robe              ||     2
Dodge: Dodged            ||     6

Table legend: (Time is in decaauts)
 A = Elapsed time spent in this place.
 B = Non-inter-level travel time spent in this place.
 C = Inter-level travel time spent in this place.
 D = Time resting spent in this place.
 E = Time spent auto-exploring this place.
 F = Levels seen in this place.
 G = Mean time per level.
                   A        B        C        D        E       F      G
               +--------+--------+--------+--------+--------+-----+--------+
         Total |    875 |    853 |     22 |      4 |    770 |   2 |  437.5 |
       Dungeon |    875 |    853 |     22 |      4 |    770 |   2 |  437.5 |
               +--------+--------+--------+--------+--------+-----+--------+

Top non-repeatable levels by time:
     D:1: 869 daAuts
     D:2: 5 daAuts
